 Dungeon Crawl Stone Soup version 0.27.0-1-g7a089689b8 (webtiles) character file.

Game seed: 1360628784894438023

492 Lordbubyan the Chopper (level 7, -2/60 HPs)
             Began as a Hill Orc Berserker on Aug 13, 2021.
             Was a Priest of Trog.
             Slain by an ogre (27 damage)
             ... on level 4 of the Dungeon.
             The game lasted 00:12:37 (4334 turns).

Lordbubyan the Chopper (Hill Orc Berserker)         Turns: 4334, Time: 00:12:38

Health: -2/60      AC: 13    Str: 22    XL:     7   Next: 14%
Magic:  7/7        EV:  7    Int:  7    God:    Trog [***...]
Gold:   123        SH:  0    Dex: 10    Spells: 6/6 levels left

rFire    . . .     SeeInvis .   a - +0 hand axe
rCold    . . .     Faith    .   (no shield)
rNeg     . . .     Spirit   .   s - +0 plate armour
rPois    .         Reflect  .   j - +1 helmet
rElec    .         Harm     .   (no cloak)
rCorr    .         Rampage  .   (no gloves)
Will     .....                  (no boots)
Stlth    ..........             (no amulet)
HPRegen  0.20/turn              (no ring)
MPRegen  0.10/turn              (no ring)

@: no status effects
A: no striking features
a: Renounce Religion, Berserk, Trog's Hand


You were on level 4 of the Dungeon.
You worshipped Trog.
Trog was most pleased with you.
You visited 1 branch of the dungeon, and saw 4 of its levels.

You collected 123 gold pieces.

Inventory:

Hand Weapons
 a - a +0 hand axe (weapon)
Missiles
 c - 132 stones (quivered)
 f - 9 poisoned darts
 n - 22 sling bullets
Armour
 j - a +1 helmet (worn)
 s - a +0 plate armour (worn)
Jewellery
 b - a +4 ring of protection
Scrolls
 d - 2 scrolls of identify {unknown}
 g - 2 scrolls of teleportation {unknown}
 h - a scroll of magic mapping {unknown}
 i - a scroll of blinking {unknown}
 l - 2 scrolls of summoning {unknown}
 p - a scroll of enchant armour {unknown}
Potions
 e - a potion of ambrosia {unknown}
 k - a potion of cancellation {unknown}
 m - 2 potions of attraction {unknown}
 o - a potion of haste {unknown}
 q - 2 potions of curing {unknown}
 r - a potion of experience {unknown}


   Skills:
 + Level 4.8 Fighting
 + Level 7.9 Axes
 + Level 0.3 Throwing
 + Level 4.0 Armour
 + Level 2.6 Dodging
 + Level 0.3 Stealth


You had 6 spell levels left.
You didn't know any spells.
Your spell library contained the following spells:

 Spells                   Type           Power      Damage    Failure   Level
 Sting                    Tmut/Pois      0%         1d3       100%        1
 Poisonous Vapours        Pois/Air       0%         N/A       100%        2
 Frozen Ramparts          Ice            0%         1d2       100%        3
 Ice Form                 Ice/Tmut       0%         N/A       100%        4
 Olgreb's Toxic Radiance  Pois           0%         N/A       100%        4
 Summon Ice Beast         Ice/Summ       0%         N/A       100%        4


Dungeon Overview and Level Annotations

Branches:
Dungeon (4/15)
 Temple: D:4-7

Altars:
Makhleb


Message History

You see here a +0 dagger.
You enter the shallow water.
Moving in this stuff is going to be slow.
Why would you want to do that? Why would you want to do that?
You enter the shallow water.
Moving in this stuff is going to be slow.
You enter the shallow water.
Moving in this stuff is going to be slow.
Why would you want to do that? Why would you want to do that?
You enter the shallow water.
Moving in this stuff is going to be slow.
Why would you want to do that? Why would you want to do that?
Why would you want to do that?
There is a stone staircase leading down here.
You climb downwards.
An ogre comes into view. It is wielding a +0 giant spiked club.
Found 27 stones and a glowing silver wand.
Found two stone staircases leading down.
There is a stone staircase leading up here.
You closely miss the ogre. You barely miss the ogre.
The ogre hits you with a +0 giant spiked club!
You hit the ogre.
The ogre is lightly wounded.
The ogre barely misses you.
You hit the ogre.
The ogre is moderately wounded.
The ogre hits you with a +0 giant spiked club!
You hit the ogre.
The ogre is heavily wounded.
You slash the ogre!
The ogre is severely wounded.
The ogre hits you with a +0 giant spiked club!
You hit the ogre but do no damage.
The ogre is severely wounded.
The ogre hits you with a +0 giant spiked club!!
You die...

#./# #..#
###...
##.....
##.....## #
.#.>...>.#.##
...(........#
.......@.#
......O.##
.........
.###...##.
##.. .# ### .
.# #


You could see an ogre.

Vanquished Creatures
  Grinder (D:3)
  A wyvern skeleton (D:3)
  A hound (D:3)
  Jessica (D:2)
  Robin (D:1)
  6 adders
  2 worms
  3 dart slugs
  An orc (D:3)
  7 bats
  7 endoplasms
  5 giant cockroaches
  20 goblins
  10 hobgoblins
  8 jackals (D:1)
  3 kobolds
  3 quokkas
  7 ball pythons
  6 frilled lizards
  3 rats
  A spectral hobgoblin (D:1)
97 creatures vanquished.

Notes
Turn   | Place    | Note
-------+----------+-------------------------------------------
     0 | D:1      | Lordbubyan the Hill Orc Berserker began the quest for the
                  | Orb.
     0 | D:1      | Reached XP level 1. HP: 19/19 MP: 1/1
    82 | D:1      | Reached XP level 2. HP: 17/27 MP: 2/2
   574 | D:1      | Reached XP level 3. HP: 29/33 MP: 3/3
   671 | D:1      | Found a faded altar of an unknown god.
  1020 | D:1      | Reached skill level 5 in Axes
  1027 | D:1      | Reached ** piety under Trog
  1569 | D:1      | Reached XP level 4. HP: 31/40 MP: 4/4
  1679 | D:2      | Noticed Robin
  1868 | D:1      | Killed Robin
  2245 | D:2      | Reached skill level 6 in Axes
  2322 | D:2      | Found a burning altar of Makhleb.
  2390 | D:2      | Reached XP level 5. HP: 39/46 MP: 5/5
  2960 | D:2      | Noticed Jessica
  2974 | D:2      | Killed Jessica
  3181 | D:2      | Reached *** piety under Trog
  3411 | D:3      | Reached XP level 6. HP: 40/53 MP: 6/6
  3653 | D:3      | Noticed Grinder
  3694 | D:3      | Killed Grinder
  3695 | D:3      | Reached skill level 7 in Axes
  3695 | D:3      | Reached XP level 7. HP: 47/60 MP: 7/7
  4334 | D:4      | Slain by an ogre

Illustrated notes

Levels and vault maps discovered:
D:1:      psy_arrival_statuary, layout_rooms,
          dreamdust_ecumenical_altar_drowned_temple, serial_rivers,
          chequers_serial_rivers_small_a, chequers_serial_rivers_small_3,
          chequers_serial_rivers_micro_b, chequers_serial_rivers_small_3
D:2:      layout_rooms, basic_altar, st_stairs_3,
          minmay_randomly_rotated_circles, uniq_jessica, uniq_robin
D:3:      layout_basic, lemuel_another_geyser, uniq_grinder
D:4:      layout_loops_ring, kennysheep_opposing_triangles

Skill      XL: |  1  2  3  4  5  6  7 |
---------------+----------------------+-----
Fighting       | 4 |  4.8
Axes           | 5 6 7 |  7.9
Dodging        | 2 |  2.6
Armour         | 3 4 |  4.0
Throwing       | |  0.3
Stealth        | |  0.3

Action                   |  1- 3 |  4- 6 |  7- 9 || total
-------------------------+-------+-------+-------++-------
Melee: Hand axe          |   142 |   226 |    39 ||   407
Throw: Stone             |       |     6 |       ||     6
Invok: Berserk           |       |     2 |       ||     2
       Trog's Hand       |       |     1 |       ||     1
Armor: Animal skin       |    23 |       |       ||    23
       Ring mail         |    34 |    88 |       ||   122
       Plate armour      |       |       |    12 ||    12
Dodge: Dodged            |   104 |   166 |    13 ||   283
